 Dungeon Crawl Stone Soup version 0.30.0-30-g96aa6591b8 (webtiles) character file.

Game seed: 81024506224692653

59 Ayven the Trooper (level 3, -5/33 HPs)
             Began as a Minotaur Fighter on June 29, 2023.
             Slain by a river rat (7 damage)
             ... in a sewer.
             The game lasted 00:04:43 (1995 turns).

Ayven the Trooper (Minotaur Fighter)                Turns: 1995, Time: 00:04:44

Health: -5/33      AC:  3    Str: 28    XL:     3   Next: 78%
Magic:  2/2        EV: 11    Int: 11    God:
Gold:   139        SH:  4    Dex:  9    Spells: 2/2 levels left

rFire   . . .        o - +0 hand axe (heavy)
rCold   . . .        c - +0 buckler
rNeg    . . .        i - +0 leather armour
rPois   .            (helmet restricted)
rElec   .            (no cloak)
rCorr   .            (no gloves)
SInv    .            (no boots)
Will    .....        (no amulet)
Stlth   +            h - +6 ring of strength
HPRegen 0.25/turn    q - +6 ring of intelligence
MPRegen 0.08/turn

%: no passive effects
@: mighty
A: horns 2, retaliatory headbutt
a: no special abilities


You were in a sewer.
You visited 1 branch of the dungeon, and saw 3 of its levels.
You also visited: Sewer.

You collected 139 gold pieces.

Inventory:

Hand Weapons
 a - a +0 war axe
 o - a +0 heavy hand axe (weapon)
Armour
 b - a +0 scale mail
 c - a +0 buckler (worn)
 i - a +0 leather armour (worn)
 t - a +0 scale mail of cold resistance
Jewellery
 h - a +6 ring of strength (left hand)
 j - a ring of willpower
 q - a +6 ring of intelligence (right hand)
 s - a +5 ring of evasion
Scrolls
 f - a scroll of teleportation {unknown}
 l - a scroll of silence {unknown}
 p - 2 scrolls of identify {unknown}
 r - 2 scrolls of enchant armour {unknown}
Potions
 e - 4 potions of curing {unknown}
 g - a potion of invisibility {unknown}
 k - a potion of degeneration {unknown}
 m - 5 potions of heal wounds {unknown}
 n - a potion of attraction {unknown}


   Skills:
 + Level 4.2 Fighting
 + Level 3.2 Axes
 - Level 3.6 Armour
 * Level 2.6 Dodging
 - Level 3.6 Shields


You had 2 spell levels left.
You didn't know any spells.
Your spell library was empty.

Dungeon Overview and Level Annotations

Branches:
Dungeon (3/15)              Sewer (1/1)

Altars:
Uskayaw
Wu Jian


Innate Abilities, Weirdness & Mutations

You have a pair of horns on your head.
You reflexively headbutt those who attack you in melee.


Message History

You feel sick.
You are no longer poisoned.
There is a glowing drain here.
You enter the shallow water.
Moving in this stuff is going to be slow.
There is a glowing drain here.
The world spins around you as you enter the gateway.
You enter a sewer!
There is an empty arch of ancient stone here.
HP restored.
Found a gate leading back out of this place.
A rat comes into view.
A river rat comes into view.
A river rat comes into view.
The rat closely misses you. You furiously retaliate!
You headbutt the rat!
You kill the rat!
You closely miss the river rat. The river rat barely misses you.
You barely miss the river rat. The river rat bites you.
The river rat bites you! The river rat bites you.
You slash the river rat!
The river rat is severely wounded.
You hit the river rat. The river rat bites you. The river rat bites you!
The river rat barely misses you. The river rat bites you.
You barely miss the river rat.
The river rat is severely wounded.
You barely miss the river rat. The river rat barely misses you.
The river rat closely misses you. The river rat bites you.
* * * LOW HITPOINT WARNING * * *
The river rat bites you.
* * * LOW HITPOINT WARNING * * *
You barely miss the river rat.
The river rat is severely wounded.
You hit the river rat. The river rat barely misses you.
You furiously retaliate!
You headbutt the river rat. The river rat bites you.
* * * LOW HITPOINT WARNING * * *
Okay, then.
You feel very mighty all of a sudden.
The river rat bites you but does no damage.
The river rat bites you!
You die...

~~~~...........~~~~~
≈≈≈~~~~~~~~~~~~~≈≈≈≈
≈≈≈≈≈~~~~~~~~~≈≈≈≈≈≈
≈≈≈≈~~.......~~~~≈≈≈
~~~~~...........~~~~
...................~
....................
.............r......
##..........@r......
##.......##........
#...##..#####......
∩..## ##..### ##...#
## ##..∩# #### #####


You could see 2 river rats.

Vanquished Creatures
  2 adders
  A dart slug (D:1)
  8 bats
  5 endoplasms
  3 goblins
  A hobgoblin (D:1)
  2 jackals (D:1)
  4 quokkas
  3 ball pythons
  3 frilled lizards (D:1)
  3 kobolds
  2 rats
37 creatures vanquished.

Notes
Turn   | Place    | Note
-------+----------+-------------------------------------------
     0 | D:1      | Ayven the Minotaur Fighter began the quest for the Orb.
     0 | D:1      | Reached XP level 1. HP: 19/19 MP: 0/0
    85 | D:1      | Reached skill level 1 in Dodging
   104 | D:1      | Reached XP level 2. HP: 25/27 MP: 1/1
   364 | D:1      | Reached skill level 4 in Fighting
   806 | D:2      | Found a faded altar of an unknown god.
   836 | D:2      | Reached XP level 3. HP: 33/33 MP: 2/2
   901 | D:2      | Found an ornate altar of the Wu Jian Council.
  1745 | D:3      | Found a hide-covered altar of Uskayaw.
  1748 | D:3      | Noticed a +0 dagger
  1749 | D:3      | Noticed a +0 dagger
  1908 | D:3      | Found a glowing drain.
  1924 | Sewer    | Entered a sewer
  1994 | Sewer    | HP: 1/33 [river rat (5)]
  1995 | Sewer    | Slain by a river rat

Illustrated notes

Levels and vault maps discovered:
D:1:      giann_horns, layout_loops_cross, minmay_misc_feat_iff,
          minmay_tetromino_l2
D:2:      layout_basic, basic_altar, ebering_ecumenical_altar_hall
D:3:      minmay_skewed_foursquare, layout_basic, dancing_weapons_uskayaw,
          portal_sewer_entry_d
Sewer:    sewer_minmay_treatment

Skill      XL: |  1  2 |
---------------+-------+-----
Dodging        | 1 2 |  2.6
Fighting       | 4 |  4.2
Axes           | 3 |  3.2
Armour         | |  3.6
Shields        | |  3.6

Action                     || total
---------------------------++-------
  Melee: War axe           ||    34
         Headbutt          ||     5
         Hand axe          ||    27
    Use: Potion            ||     1
 Armour: Scale mail        ||    20
         Leather armour    ||    13
  Dodge: Dodged            ||    67
  Block: Buckler           ||    25
